 Dungeon Crawl Stone Soup version 0.17.0-9-g801d43b (webtiles) character file.

112 Azhtabak the Slasher (level 4, 10/29 HPs)
             Began as a High Elf Gladiator on Nov 10, 2015.
             Quit the game on level 1 of the Dungeon.
             The game lasted 00:07:18 (2302 turns).

Azhtabak the Slasher (High Elf Gladiator)           Turns: 2302, Time: 00:07:18

Health: 10/29      AC:  5    Str: 14    XL:     4   Next: 63%
Magic:  5/5        EV: 13    Int: 11    God:
Gold:   88         SH:  0    Dex: 17    Spells: 0 memorised, 3 levels left

rFire  . . .     SeeInvis .     b - -3 hunting sling (curse)
rCold  . . .     Clarity  .     q - +0 leather armour
rNeg   . . .     SustAt   .     (no shield)
rPois  .         Gourm    .     c - +0 helmet
rElec  .         Spirit   .     m - +0 cloak
rCorr  .         Warding  .     (no gloves)
rMut   .         Stasis   .     (no boots)
MR     .....                    (no amulet)
Stlth  +.........               (no ring)
                                (no ring)

@: very slightly contaminated, hasted (expiring), very quick, not resistant to
hostile enchantments, very unstealthy
A: no striking features
a: no special abilities


You were on level 1 of the Dungeon.
You were hungry.

You visited 1 branch of the dungeon, and saw 2 of its levels.

You collected 88 gold pieces.

Inventory:

Hand Weapons
 a - a +1 long sword
 b - a cursed -3 hunting sling (weapon)
Missiles
 p - 49 arrows
Armour
 c - a +0 helmet (worn)
 m - a +0 cloak (worn)
 q - a +0 leather armour (worn)
Jewellery
 j - an uncursed ring of see invisible
Potions
 l - a potion of haste
Comestibles
 e - 2 bread rations
 f - a meat ration
 h - a royal jelly
 n - 2 chunks of flesh


   Skills:
 - Level 2.0 Fighting
 + Level 6.6 Long Blades
 - Level 2.0 Throwing
 - Level 3.2 Dodging


You had 3 spell levels left.
You didn't know any spells.

Dungeon Overview and Level Annotations

Branches:
Dungeon (2/15)

Altars:


Message History

Some of the chunks of flesh in your inventory have rotted away.
There is a stone staircase leading down, spattered with blood here.
Read which item? (? for menu, Esc to quit)
As you read the scroll labeled GUWEYRPHE ERCHUM, it crumbles to dust.
It is a scroll of enchant weapon.
Enchant which weapon? (? for menu, Esc to quit)
Your +0 long sword glows red for a moment.
Read which item? (? for menu, Esc to quit)
As you read the scroll labeled TEINATHOODWU, it crumbles to dust.
It is a scroll of identify.
Identify which item? (\ to view known items) (? for menu, Esc to quit)
j - an uncursed ring of see invisible Read which item? (? for menu, Esc to quit)
As you read the scroll labeled FILEKHL JUSA, it crumbles to dust.
You feel momentarily disoriented.
It was a scroll of magic mapping.
Your extra speed is starting to run out.
Read which item? (? for menu, Esc to quit)
As you read the scroll labeled MEEZXI CETOAH, it crumbles to dust.
You smell fire and brimstone.
It was a scroll of random uselessness.
Are you sure you want to abandon this character and quit the game? (Confirm with "yes".)

######## #.#
.......# #.#
.......#####.#
.............#
.......>.....#
#####........#
#####........#
.............#####
...............)@#
.......#.#########
.......#.#
.......#.#
.......#.#
.......#.#
.......#.#
#.######.# #..#
#.#


There were no monsters in sight!

Vanquished Creatures
  4 gnolls
  3 adders (D:2)
  An ooze (D:1)
  A worm (D:2)
  2 giant geckos (D:1)
  3 ball pythons
  4 giant cockroaches
  6 hobgoblins
  3 jackals (D:2)
  A quokka (D:2)
  3 bats
  A giant newt (D:1)
  3 goblins
  4 kobolds
  2 rats (D:1)
41 creatures vanquished.

Notes
Turn   | Place    | Note
--------------------------------------------------------------
     0 | D:1      | Azhtabak the High Elf Gladiator began the quest for the Orb.
     0 | D:1      | Reached XP level 1. HP: 14/14 MP: 2/2
    80 | D:1      | Reached skill level 4 in Long Blades
   158 | D:1      | Reached XP level 2. HP: 19/19 MP: 3/3
  1230 | D:2      | Reached skill level 5 in Long Blades
  1236 | D:2      | Reached XP level 3. HP: 24/24 MP: 4/4
  1634 | D:1      | Reached XP level 4. HP: 21/29 MP: 5/5
  1728 | D:1      | Reached skill level 6 in Long Blades
  2302 | D:1      | Quit the game

Action                   |  1- 3 |  4- 6 || total
-------------------------+-------+-------++-------
Melee: Long sword        |   108 |    26 ||   134
       Hunting sling     |       |     3 ||     3
 Fire: Hunting sling     |       |    12 ||    12
Throw: Throwing net      |     2 |     5 ||     7
       Stone             |     2 |       ||     2
  Use: Scroll            |       |     4 ||     4
       Potion            |       |     1 ||     1
 Stab: Sleeping          |     1 |     1 ||     2
       Distracted        |     1 |       ||     1
       Held in net/web   |       |     3 ||     3
  Eat: Chunk             |     2 |     2 ||     4
